[Event "45th FIDE Olympiad 2024"]
[Site "Budapest"]
[Date "2024.09.14"]
[Round "4.66"]
[White "Veer Gandhi"]
[Black "Tan, Santiago Jr"]
[Result "1-0"]
[ECO "A02"]
[WhiteElo "1792"]
[BlackElo "1903"]
[PlyCount "141"]
[EventDate "2024.09.05"]
[EventType "team-tourn"]
[EventCountry "HUN"]
[WhiteTeam "Tanzania"]
[BlackTeam "Palau"]
[WhiteTeamCountry "TAN"]
[BlackTeamCountry "PAL"]
[TimeControl "40/5400+30:1800+30"]

1. f4 d6 2. Nf3 g6 3. e3 Bg7 4. Nc3 a6 5. Be2 Nf6 6. O-O c6 7. a4 Qc7 8. Qe1 Bg4 9. h3 Bxf3 10. Bxf3 Nbd7 11. e4 e5 12. d3 h6 13. Qg3 O-O-O 14. Be3 c5 15. Rfb1 Kb8 16. Ne2 a5 17. c3 Qb6 18. b4 Qa6 19. Nc1 Rc8 20. bxc5 Nxc5 21. fxe5 Nh5 22. Qf2 Bxe5 23. Qd2 Nf6 24. Ra2 Rc7 25. Bf4 Ne6 26. Bxe5 dxe5 27. Rb5 Rhc8 28. Ne2 Rc5 29. Rb3 Ng5 30. c4 Nxf3+ 31. gxf3 g5 32. Rab2 b5 33. Rxb5+ Ka7 34. Nc3 Qd6 35. Rb7+ Ka8 36. R7b6 R8c6 37. Rxc6 Qxc6 38. Nb5 Qa6 39. Qe3 Qb6 40. Kg2 Nd7 41. Qc1 Qc6 42. Qd2 Qa6 43. Nc3 Nb8 44. Nd5 Nd7 45. Rb5 Qa7 46. Nb6+ Qxb6 47. Rxb6 Nxb6 48. h4 f6 49. hxg5 hxg5 50. Kf1 Kb7 51. Qa2 Rc7 52. Qb3 Rc5 53. Ke2 Kc6 54. Kd2 Kc7 55. Kc3 Kc6 56. Qd1 Kd6 57. Kb3 Rc8 58. Qe1 Ra8 59. Qc3 Nd7 60. d4 Rb8+ 61. Kc2 Rb4 62. c5+ Kc7 63. d5 Rxa4 64. Qd3 Rd4 65. Qb5 a4 66. Qc6+ Kd8 67. Qa8+ Ke7 68. c6 a3 69. Qxa3+ Kd8 70. Qd6 Ke8 71. Qxd7+ 1-0

[Event "45th FIDE Olympiad 2024"]
[Site "Budapest"]
[Date "2024.09.14"]
[Round "4.67"]
[White "Egilstoft, Rogvi"]
[Black "Lupulescu, Constantin"]
[Result "1/2-1/2"]
[ECO "B06"]
[WhiteElo "2278"]
[BlackElo "2590"]
[Annotator "TA"]
[PlyCount "170"]
[EventDate "2024.09.05"]
[EventType "team-tourn"]
[EventCountry "HUN"]
[SourceTitle "playchess.com"]
[Source "ChessBase"]
[SourceQuality "1"]
[WhiteTeam "Faroe Islands"]
[BlackTeam "Romania"]
[WhiteTeamCountry "FAI"]
[BlackTeamCountry "ROU"]
[TimeControl "40/5400+30:1800+30"]

1. e4 c5 2. c3 d5 3. exd5 Qxd5 4. d4 g6 5. Be3 cxd4 6. cxd4 Bg7 7. Nf3 $1 {[%mdl 4] is recently more successful than 7.Nc3.} Qa5+ {B06: Modern Defence.} 8. Nbd2 Be6 $146 ({Predecessor:} 8... Nh6 9. Bc4 O-O 10. O-O Nf5 11. Nb3 Qb6 12. Qe2 Nc6 13. Rfd1 Nxe3 14. fxe3 e5 15. d5 {0-1 Ynojosa Aponte,F (2439)-Nasanjargal,U (2323) Wch U20 52nd 2013 (5)}) 9. b4 Qd8 10. Qa4+ Nd7 11. Ne4 Bd5 12. Bd3 Ngf6 13. Nxf6+ exf6 14. O-O Bxf3 15. gxf3 O-O 16. Rac1 Nb6 17. Qb3 f5 18. a4 Bxd4 19. Bxd4 Qxd4 20. Rfd1 Qf4 21. Bf1 Rad8 22. Kh1 Rxd1 23. Rxd1 Rc8 24. a5 Nc4 25. Qc3 Nd6 26. Qd3 Rd8 27. b5 Qe5 28. a6 Qc5 29. Qd2 Qb6 30. Qe3 Qxe3 31. fxe3 bxa6 32. bxa6 Kf8 33. Kg2 Ke7 34. Rb1 Rc8 35. Rb2 Rc3 36. Kf2 Rc6 37. Be2 Kd7 38. Bd3 Kc7 39. e4 fxe4 40. fxe4 f6 41. Ke3 Rb6 42. Rxb6 $2 (42. Rc2+ $17 {keeps fighting.} Rc6 43. Rd2) 42... Kxb6 $19 43. Kd4 Nb5+ 44. Kd5 {[#]} Nc7+ $1 (44... Kxa6 $2 {is the wrong capture.} 45. Ke6 $18) 45. Kd6 Nxa6 46. e5 $2 (46. Ke7 Nb4 47. Bb1) 46... fxe5 $19 47. Kxe5 Nb4 48. Bc4 a5 49. Bg8 h6 50. Bb3 Nd3+ 51. Kf6 Nf4 $2 (51... Kb5 $19 {And now ...Kb4 would win.} 52. Bf7 Kc5) 52. Kg7 $11 h5 53. Kh6 $2 (53. Ba4 $11) 53... Kb5 $19 54. Kg5 {[#]} Kb4 $2 (54... Ne2 $1 $19 {( -> ...Kb4)} 55. Bf7 Kc5) 55. Bf7 $11 Ne2 56. Be8 $1 Nd4 57. Kxg6 h4 58. Kh5 Nb5 59. Kxh4 a4 60. Kg4 $1 a3 61. Bf7 Nd4 62. Ba2 $1 Ne2 (62... Kc3 $5 63. h4 $8 Kb2 $11) 63. h4 Nc1 64. h5 Nxa2 65. h6 Nc3 66. h7 a2 67. h8=Q a1=Q 68. Qd4+ Kb5 69. Qe5+ Kc4 70. Qf4+ Kd5 71. Qf5+ Kd6 72. Qf6+ Kc5 73. Qe5+ Kc4 74. Qf4+ Kb5 75. Qe5+ Ka4 76. Qd4+ Kb3 77. Qb6+ $1 Kc4 78. Qc6+ Kd3 79. Qf3+ Kd2 80. Qf4+ Kc2 81. Qf2+ Kc1 82. Qe3+ Kb2 83. Qf2+ Kb1 84. Qg1+ Ka2 85. Qxa1+ Kxa1 1/2-1/2

[Event "45th FIDE Olympiad 2024"]
[Site "Budapest"]
[Date "2024.09.14"]
[Round "4.67"]
[White "Mahor Jr, Manuel"]
[Black "Lusako, Shedrack"]
[Result "1-0"]
[ECO "A23"]
[WhiteElo "1759"]
[BlackElo "1760"]
[PlyCount "113"]
[EventDate "2024.09.05"]
[EventType "team-tourn"]
[EventCountry "HUN"]
[WhiteTeam "Palau"]
[BlackTeam "Tanzania"]
[WhiteTeamCountry "PAL"]
[BlackTeamCountry "TAN"]
[TimeControl "40/5400+30:1800+30"]

1. c4 e5 2. g3 Nf6 3. Nc3 Bc5 4. Bg2 c6 5. h3 d5 6. cxd5 cxd5 7. e3 Nc6 8. Nge2 O-O 9. O-O Be6 10. d4 exd4 11. exd4 Bb6 12. Be3 Qd7 13. Kh2 Ne7 14. Bg5 Ne4 15. Nxe4 dxe4 16. Bxe7 Qxe7 17. Bxe4 Bxh3 18. Bxh7+ Kxh7 19. Kxh3 Rh8 20. Kg2 g6 21. Nc3 Qd7 22. Qf3 Kg7 23. Rh1 Qxd4 24. Rad1 Qc4 25. Nd5 Bd4 26. Qe4 Rxh1 27. Kxh1 Rc8 28. Qxd4+ Qxd4 29. Rxd4 Rc2 30. Rb4 b6 31. Kg2 f5 32. Nxb6 axb6 33. Rxb6 g5 34. a4 Kf7 35. a5 Rc8 36. b4 Ke7 37. a6 Kd7 38. b5 Ra8 39. Rb7+ Kd6 40. Rf7 Ke6 41. Rc7 Kd6 42. Rc2 Ra7 43. Kf3 Ra8 44. Ke3 Re8+ 45. Kd3 Ra8 46. Rc6+ Kd5 47. Kc3 Ke4 48. Kb4 Kf3 49. Rc2 Ke4 50. Ka5 Kd3 51. Rc7 Ke2 52. Rf7 Kxf2 53. Rxf5+ Kxg3 54. Rxg5+ Kf4 55. Rd5 Ke4 56. Rd7 Ke5 57. b6 1-0

[Event "45th FIDE Olympiad 2024"]
[Site "Budapest"]
[Date "2024.09.14"]
[Round "4.68"]
[White "Nisipeanu, Liviu-Dieter"]
[Black "Apol, Luitjen Akselsson"]
[Result "1-0"]
[ECO "B50"]
[WhiteElo "2580"]
[BlackElo "2219"]
[Annotator "TA"]
[PlyCount "71"]
[EventDate "2024.09.05"]
[EventType "team-tourn"]
[EventCountry "HUN"]
[SourceTitle "playchess.com"]
[Source "ChessBase"]
[SourceQuality "1"]
[WhiteTeam "Romania"]
[BlackTeam "Faroe Islands"]
[WhiteTeamCountry "ROU"]
[BlackTeamCountry "FAI"]
[TimeControl "40/5400+30:1800+30"]

1. e4 c5 2. Nf3 d6 3. Bc4 Nf6 4. d3 e6 5. O-O Be7 6. Nbd2 O-O 7. a4 d5 8. Ba2 {The position is equal.} Nc6 9. c3 b6 10. Re1 Qc7 11. e5 Nd7 12. d4 Ba6 13. Bb1 Rfc8 14. Nf1 Nf8 15. h4 Qd8 16. h5 cxd4 17. cxd4 Nb4 18. Ne3 Rc6 19. Ra3 Rac8 20. Bd2 Bc4 {Against Rb3} 21. Ng4 a5 $2 (21... Nd7 $1 $14) 22. Nfh2 $1 $18 {[%cal Og4h6] Strongly threatening Nh6+!} Nd7 23. Qf3 (23. Nh6+ $1 $18 gxh6 24. Rg3+ (24. Bxh6 Kh8 $18) 24... Kh8 25. Ng4 (25. Bxh6 Bf8 $14)) 23... Qf8 (23... Bg5 $14 24. Qd1 Be7) 24. Qf4 {White is much more active.} (24. Qg3 $1 $16) 24... Ba6 25. Rg3 {Threatens to win with Nh6+.} Kh8 26. Bc3 ({White should play} 26. Rf3 $1 $16) 26... b5 (26... R6c7 $11) 27. axb5 $1 $40 {[%mdl 128] White attacks with force.} ({Don't take} 27. h6 g6 $16) 27... Bxb5 {[#]} 28. Rf3 $1 Kg8 {[#]} 29. Qg3 (29. Nf1 $1 $16) 29... Kh8 $14 30. Bg6 fxg6 (30... hxg6 31. hxg6 fxg6 32. Rxf8+ Nxf8 33. Nf3 $14) (30... f5 $11 31. exf6 gxf6) 31. Rxf8+ $18 Nxf8 32. h6 a4 $2 (32... Kg8 33. hxg7 Kxg7) 33. Qf4 {White threatens Qf7 and mate. White is clearly winning.} gxh6 34. Bxb4 ({Less strong is} 34. Qxh6 a3 $18) 34... Bg5 35. Qg3 Rc1 36. Nf3 {Weighted Error Value: White=0.21 (precise) /Black=0.43.  Loses game:     	---       	Black=2      Mistake:       	White=4     	Black=3      Inaccurate:     	White=5     	Black=8      OK:         	White=9     	Black=3      Best:        	White=2     	Black=3      Strong:       	White=3     	---} 1-0

[Event "45th FIDE Olympiad 2024"]
[Site "Budapest"]
[Date "2024.09.14"]
[Round "4.69"]
[White "Rodshtein, Maxim"]
[Black "Ashiku, Franc"]
[Result "1-0"]
[ECO "D02"]
[WhiteElo "2600"]
[BlackElo "2400"]
[Annotator "TA"]
[PlyCount "79"]
[EventDate "2024.09.05"]
[EventType "team-tourn"]
[EventCountry "HUN"]
[SourceTitle "playchess.com"]
[Source "ChessBase"]
[SourceQuality "1"]
[WhiteTeam "Israel"]
[BlackTeam "Albania"]
[WhiteTeamCountry "ISR"]
[BlackTeamCountry "ALB"]
[TimeControl "40/5400+30:1800+30"]

1. c4 e6 2. Nf3 d5 3. g3 Nf6 4. Bg2 Bd6 5. O-O O-O 6. d4 h6 7. Qc2 Nc6 8. Bd2 Re8 {The position is equal.} 9. Rd1 Bf8 10. Be1 dxc4 11. Na3 Bxa3 12. bxa3 Qe7 $1 13. Qxc4 Qxa3 14. Ne5 Bd7 15. Rab1 {Threatens to win with Nxd7.} Rab8 (15... Nxe5 $14 16. dxe5 Nd5) 16. Nxd7 $18 (16. Nxc6 Bxc6 17. Rb4 Bd5 $17) 16... Nxd7 17. Rxb7 Na5 (17... Rxb7 $16 {is tougher.} 18. Bxc6 (18. Qxc6 Reb8 $16) 18... Rb2 (18... Nb6 $2 19. Qc5 $18)) 18. Qb4 $2 (18. Qxc7 $2 Nxb7 19. Qxd7 Nd6 $19) (18. Qa6 $1 $18 {and the rest is easy.}) 18... Qxb4 $16 19. Rxb4 Rxb4 20. Bxb4 Nc4 21. Rc1 Ndb6 22. e3 a5 {[#]} (22... Rc8 $16 23. Bf1 a5) 23. Be1 $1 $18 (23. Bc5 Rc8 24. Bf1 Nd6) 23... Rc8 24. Bb7 ({But not} 24. Bf1 $6 c5 $16) 24... Rb8 25. Ba6 Nd6 26. Rxc7 Nd5 27. Rc6 Rb1 {[#]} 28. Kf1 Nf5 (28... Ne8 {was called for.} 29. Bc4 g5) 29. Bd3 Ra1 30. Rc8+ Kh7 31. g4 {Prevents g6} Nb4 32. Be4 (32. Bxf5+ exf5 33. Ke2 (33. gxf5 Nd3 $11) 33... Rxa2+ (33... fxg4 34. e4 $11) 34. Bd2 f4 (34... fxg4 35. e4 $14) 35. exf4 Nd5 $14) 32... g6 33. gxf5 gxf5 34. Bc2 Kg7 35. Ke2 {White is clearly winning.} Rxa2 36. Bxb4 axb4 37. Kf3 Rb2 38. Bd3 Rd2 39. Bc2 Kf6 40. Rc4 {Weighted Error Value: White=0.19 (very precise) /Black=0.42.  Loses game:     	---       	Black=1      Missed win:     	White=1     	---        Mistake:       	---       	Black=3      Inaccurate:     	White=2     	Black=2      OK:         	White=20    	Black=7      Best:        	White=3     	Black=5      Strong:       	White=1     	Black=1} 1-0

[Event "45th FIDE Olympiad 2024"]
[Site "Budapest"]
[Date "2024.09.14"]
[Round "4.69"]
[White "Mahamat Hachim Bachar"]
[Black "Houssein, Mohamed Bilal"]
[Result "0-1"]
[ECO "B20"]
[WhiteElo "1872"]
[BlackElo "1870"]
[PlyCount "128"]
[EventDate "2024.09.05"]
[EventType "team-tourn"]
[EventCountry "HUN"]
[WhiteTeam "Chad"]
[BlackTeam "Djibouti"]
[WhiteTeamCountry "CHD"]
[BlackTeamCountry "DJI"]
[TimeControl "40/5400+30:1800+30"]

1. e4 c5 2. g3 d5 3. Bg2 dxe4 4. Bxe4 Nf6 5. Bg2 Nc6 6. Ne2 e5 7. d3 Be7 8. O-O O-O 9. h3 Be6 10. Nbc3 Qd7 11. Kh2 h6 12. Be3 Nd4 13. f4 Nd5 14. Nxd5 Bxd5 15. Bxd5 Qxd5 16. Nc3 Qe6 17. Bxd4 cxd4 18. f5 Qc6 19. Ne4 Rac8 20. Rf2 Bg5 21. f6 Bxf6 22. Qh5 Bg5 23. Nxg5 hxg5 24. Qxg5 f5 25. Re1 e4 26. Ree2 Qe6 27. a3 e3 28. Rf4 Qe5 29. Re4 Qd5 30. Qh5 Rf6 31. Rf4 Qd6 32. Rxf5 Rcf8 33. Rxf6 Qxf6 34. Qd5+ Kh8 35. Rg2 Rf7 36. c3 dxc3 37. bxc3 Kg8 38. d4 Qe7 39. Qe5 Qxe5 40. dxe5 Re7 41. Re2 Rxe5 42. Kg2 Ra5 43. Rxe3 Rxa3 44. Kf2 Kf7 45. Rd3 Ke6 46. g4 a5 47. Ke2 Ra2+ 48. Rd2 Rxd2+ 49. Kxd2 Ke5 50. Kd3 b5 51. g5 Kf5 52. h4 Kg4 53. Kd4 a4 54. c4 bxc4 55. Kxc4 Kxh4 56. g6 Kg5 57. Kb4 Kxg6 58. Kxa4 Kf5 59. Kb3 Kf4 60. Kc3 Kf3 61. Kd2 Kf2 62. Kd3 g5 63. Ke4 g4 64. Kf4 g3 {0-} 0-1

[Event "45th FIDE Olympiad 2024"]
[Site "Budapest"]
[Date "2024.09.14"]
[Round "4.70"]
[White "Pasko, Llambi"]
[Black "Gorshtein, Ido"]
[Result "0-1"]
[ECO "D37"]
[WhiteElo "2396"]
[BlackElo "2543"]
[Annotator "ChessBase"]
[PlyCount "148"]
[EventDate "2024.09.05"]
[EventType "team-tourn"]
[EventCountry "HUN"]
[SourceTitle "playchess.com"]
[Source "ChessBase"]
[SourceQuality "1"]
[WhiteTeam "Albania"]
[BlackTeam "Israel"]
[WhiteTeamCountry "ALB"]
[BlackTeamCountry "ISR"]
[TimeControl "40/5400+30:1800+30"]

1. d4 Nf6 2. c4 e6 3. Nf3 d5 4. Nc3 Be7 5. Bf4 O-O 6. e3 Nbd7 7. c5 Nh5 8. Bd3 Nxf4 9. exf4 b6 10. b4 a5 11. a3 c6 12. O-O Ba6 13. g3 Bxd3 14. Qxd3 Bf6 15. Rfc1 Qc7 16. Kg2 Ra7 17. Rab1 axb4 18. axb4 Rfa8 19. Ne5 Bxe5 20. fxe5 Ra3 21. Qc2 Qb7 22. Qe2 h6 23. h4 Nf8 24. Rc2 Ng6 25. b5 bxc5 26. bxc6 Qxc6 27. Nb5 Ra1 28. Rxa1 Rxa1 29. Rxc5 Qa6 30. Rc7 Rb1 31. Nc3 Qxe2 32. Nxe2 h5 33. Ng1 Rb8 34. Nf3 f6 35. Rc6 Kf7 36. Rc7+ Kg8 37. Rc6 Kf7 38. Rc7+ Ne7 39. Ra7 Re8 40. Rc7 Kg8 41. Ra7 Nf5 42. Rb7 Ra8 43. exf6 gxf6 44. Rb6 Kf7 45. Rb7+ Kg6 46. Rb6 Ra3 47. Rb2 Ra6 48. Rc2 Ra4 49. Rd2 Rb4 50. Re2 Kf7 51. Rd2 Nd6 52. Ng1 Ne4 53. Rd3 Rb2 54. Nh3 Ke7 55. Ra3 e5 56. dxe5 fxe5 57. Ra5 Nc3 58. Ng5 e4 59. Rc5 Rc2 60. Kf1 Kd6 61. Nxe4+ dxe4 62. Rxh5 Nd1 63. Rh6+ Ke5 64. Rh5+ Ke6 65. Rh6+ Kf5 66. Rh8 Kg4 67. Rf8 Kh3 68. Ra8 Nxf2 69. h5 Nd3 70. Re8 Rf2+ 71. Kg1 Re2 72. Rf8 e3 73. h6 Rg2+ 74. Kh1 Nf2+ 0-1

[Event "45th FIDE Olympiad 2024"]
[Site "Budapest"]
[Date "2024.09.14"]
[Round "4.70"]
[White "Omar, Aden Omar"]
[Black "Abdelaziz Bokhit, Badjoiri"]
[Result "1-0"]
[ECO "C53"]
[WhiteElo "1779"]
[BlackElo "1778"]
[PlyCount "77"]
[EventDate "2024.09.05"]
[EventType "team-tourn"]
[EventCountry "HUN"]
[WhiteTeam "Djibouti"]
[BlackTeam "Chad"]
[WhiteTeamCountry "DJI"]
[BlackTeamCountry "CHD"]
[TimeControl "40/5400+30:1800+30"]

1. e4 e5 2. Nf3 Nc6 3. Bc4 Bc5 4. c3 h6 5. d4 exd4 6. cxd4 Bb6 7. Nc3 d6 8. h3 Nge7 9. O-O O-O 10. Be3 Kh8 11. Qd2 Ng8 12. Rad1 f5 13. Bd3 Nb4 14. Bb1 fxe4 15. Nxe4 Nd5 16. Ng3 Bxh3 17. Qd3 Ngf6 18. gxh3 Qd7 19. Kg2 Rae8 20. Nh4 Rf7 21. a3 Kg8 22. Ba2 Rfe7 23. Ng6 Re6 24. Nf4 Qc6 25. Kh2 Nxf4 26. Bxf4 d5 27. Nf5 Re4 28. Be5 Qe6 29. Qf3 Rxe5 30. dxe5 Qxe5+ 31. Kh1 Qxb2 32. Bxd5+ Nxd5 33. Qxd5+ Kh7 34. Rg1 Rg8 35. Nxh6 Rf8 36. Qe4+ Kh8 37. Nf7+ Kg8 38. Ng5 Rf6 39. Rd8+ 1-0

[Event "45th FIDE Olympiad 2024"]
[Site "Budapest"]
[Date "2024.09.14"]
[Round "4.71"]
[White "Smirin, Ilia"]
[Black "Mehmeti, Dritan"]
[Result "1-0"]
[ECO "C00"]
[WhiteElo "2575"]
[BlackElo "2364"]
[Annotator "TA"]
[PlyCount "85"]
[EventDate "2024.09.05"]
[EventType "team-tourn"]
[EventCountry "HUN"]
[SourceTitle "playchess.com"]
[Source "ChessBase"]
[SourceQuality "1"]
[WhiteTeam "Israel"]
[BlackTeam "Albania"]
[WhiteTeamCountry "ISR"]
[BlackTeamCountry "ALB"]
[TimeControl "40/5400+30:1800+30"]

1. Nf3 Nf6 2. g3 e6 3. Bg2 d5 4. O-O c5 5. d3 Nc6 6. Nbd2 Be7 7. e4 O-O 8. e5 Nd7 9. Re1 b5 10. Nf1 Re8 11. h4 Bf8 12. Bf4 Bb7 13. h5 {[%cal Oh5h6] Black has an edge.} h6 14. N1h2 b4 15. g4 f6 ({Black should play} 15... Be7 $1 $17) 16. exf6 $11 Qxf6 17. Qc1 e5 18. Bg3 Nd4 19. Nh4 e4 20. c3 Ne6 (20... Nb5 {looks sharper.} 21. dxe4 Bd6 22. Nf5 Bxg3 23. Nxg3 bxc3 24. bxc3 Ne5) 21. dxe4 dxe4 22. Bxe4 Bxe4 23. Rxe4 {Threatens to win with Qe3.} Ng5 24. Rxe8 Rxe8 25. cxb4 $1 Re4 {Wards off Qc4+} 26. Qd1 Qxb2 27. bxc5 ({Better is} 27. Qb3+ $16 Qxb3 28. axb3) 27... Bxc5 28. Qd5+ Kh7 (28... Re6 $1 $11 29. Rf1 Qc3 30. Qa8+ Nf8) 29. Qf5+ $16 Kg8 30. Qd5+ Kh7 31. Rf1 {Some like it hot} Qd4 {[#]} (31... Qa3 $16 {was worth a try.} 32. Qf5+ Kg8) 32. Qf5+ $1 $18 Kg8 (32... Kh8 $142 33. Kg2 Qa4) 33. N2f3 Qd3 34. Kg2 Nxf3 35. Nxf3 Bf8 36. g5 {Prevents Nf6.} (36. Rc1 {Black must now prevent Rc8.} Nf6 37. Rc8) 36... Re3 37. Qg4 Re4 {[#]} 38. Rd1 $3 Qxd1 {A mistake that costs the game.} (38... Nc5 $16 {might work better.} 39. Rxd3 Rxg4) (38... Rxg4 39. Rxd3) 39. Qxe4 hxg5 40. Qe6+ (40. Nxg5 Nf6 41. Qe6+ Kh8 $18) 40... Kh8 41. Qf7 (41. Nxg5 Nf6 $16) 41... Bc5 $2 (41... Qa4 $18 42. h6 (42. Nxg5 Qc6+ 43. Nf3 Ba3 $16) 42... gxh6 43. Be5+ Nxe5 44. Qxf8+ Kh7) 42. h6 gxh6 43. Be5+ {Weighted Error Value: White=0.20 (precise) /Black=0.56.  Loses game:     	---       	Black=1      Mistake:       	White=2     	Black=5      Inaccurate:     	White=2     	Black=3      OK:         	White=11    	Black=7      Best:        	White=2     	Black=4      Strong:       	White=2     	---        Brilliant:      	White=1     	---} 1-0

[Event "45th FIDE Olympiad 2024"]
[Site "Budapest"]
[Date "2024.09.14"]
[Round "4.71"]
[White "Adam, Jamal"]
[Black "Mohamed Ali Dima"]
[Result "1/2-1/2"]
[ECO "D30"]
[WhiteElo "2013"]
[BlackElo "1761"]
[PlyCount "100"]
[EventDate "2024.09.05"]
[EventType "team-tourn"]
[EventCountry "HUN"]
[WhiteTeam "Chad"]
[BlackTeam "Djibouti"]
[WhiteTeamCountry "CHD"]
[BlackTeamCountry "DJI"]
[TimeControl "40/5400+30:1800+30"]

1. d4 d5 2. c4 e6 3. Nf3 a6 4. Nbd2 Nf6 5. e3 dxc4 6. Bxc4 b5 7. Bd3 c5 8. O-O Bb7 9. a4 c4 10. Be2 Bd6 11. axb5 axb5 12. Rxa8 Bxa8 13. b3 c3 14. Bxb5+ Nbd7 15. Nc4 Bb4 16. Ba3 Bxa3 17. Nxa3 Qa5 18. Nc4 Qb4 19. Nfe5 Ke7 20. Bc6 Nxe5 21. Nxe5 Qd6 22. Bxa8 Rxa8 23. Qf3 Rc8 24. Rc1 Rc7 25. h3 Qa3 26. Qd1 Nd5 27. Nc4 Qa2 28. Qc2 Qxc2 29. Rxc2 Rb7 30. e4 Nf4 31. Kh2 Rxb3 32. Na5 Rb2 33. Rxc3 Rxf2 34. Kg3 Rf1 35. Re3 g5 36. Nc6+ Kd6 37. Ne5 Ke7 38. Nf3 f6 39. h4 h6 40. hxg5 fxg5 41. d5 exd5 42. exd5+ Kd6 43. Re1 Rxe1 44. Nxe1 Kxd5 45. Kg4 Ke4 46. g3 Nd3 47. Nxd3 Kxd3 48. Kh5 Ke4 49. Kxh6 Kf3 50. Kxg5 Kxg3 1/2-1/2

[Event "45th FIDE Olympiad 2024"]
[Site "Budapest"]
[Date "2024.09.14"]
[Round "4.72"]
[White "Veleshnja, Zino"]
[Black "Postny, Evgeny"]
[Result "0-1"]
[ECO "E20"]
[WhiteElo "2294"]
[BlackElo "2577"]
[Annotator "TA"]
[PlyCount "76"]
[EventDate "2024.09.05"]
[EventType "team-tourn"]
[EventCountry "HUN"]
[SourceTitle "playchess.com"]
[Source "ChessBase"]
[SourceQuality "1"]
[WhiteTeam "Albania"]
[BlackTeam "Israel"]
[WhiteTeamCountry "ALB"]
[BlackTeamCountry "ISR"]
[TimeControl "40/5400+30:1800+30"]

1. d4 Nf6 2. c4 e6 3. Nc3 Bb4 4. g3 Bxc3+ 5. bxc3 d6 6. Nf3 O-O 7. Bg2 Nc6 8. O-O Rb8 9. Qd3 b6 10. Nd2 Qd7 11. c5 bxc5 {Black is slightly better.} 12. dxc5 Ne5 13. Qd4 Bb7 14. cxd6 Bxg2 15. Kxg2 (15. dxc7 $11 Qxc7 16. Kxg2) 15... cxd6 $15 16. Nf3 (16. Ba3 $15) 16... Nc6 (16... Qc6 $17 17. Qxa7 Ra8 (17... Qxc3 18. Bf4 $15)) 17. Qh4 Ne7 18. Rd1 Nf5 19. Qh3 ({White should play} 19. Qc4 $15) 19... Ne4 20. g4 Ne7 {Black is more active. A dynamic duo of knights.} (20... Nxc3 $2 {perishes.} 21. Rd3 $18) 21. Ng5 Nxg5 22. Bxg5 Ng6 23. Qg3 f6 24. Be3 e5 25. f3 Rfc8 26. Qe1 Rb2 (26... e4 $5 27. h3 exf3+ 28. exf3 h5 $17) 27. Rd2 Rxd2 28. Qxd2 Ne7 29. Rd1 d5 $36 {[%mdl 2048] Black is more active.} 30. Bf2 Qc6 31. Qe3 (31. Bxa7 $11 Ra8 (31... Qxc3 32. Bf2 $17) 32. Be3) 31... a6 32. Rd3 $2 {[#] White does not recover from this.} (32. g5 $11 {and White stays safe.}) 32... d4 $1 $19 ({Don't take} 32... Ng6 33. Bg3 $17) 33. Qc1 (33. cxd4 $142 Nd5 34. Qd2 Nf4+ 35. Kg3) 33... Nd5 34. e3 {Prevents Nf4+.} (34. Kf1) 34... dxc3 35. Qc2 Qc4 36. a3 Rb8 {[#] ...Rb2 is the strong threat.} 37. Rd1 (37. Rxd5 $142 Qxd5 38. Qxc3) 37... Rb2 38. Qc1 Qe2 {[%csl LRe3,LRf2] Weighted Error Value: White=0.72/Black=0.22 (precise) .  Loses game:     	White=1     	---        Mistake:       	White=7     	Black=1      Inaccurate:     	White=3     	Black=4      OK:         	White=7     	Black=9      Best:        	White=1     	Black=1      Strong:       	---       	Black=1} 0-1

[Event "45th FIDE Olympiad 2024"]
[Site "Budapest"]
[Date "2024.09.14"]
[Round "4.73"]
[White "Greet, Andrew N"]
[Black "Naiditsch, Arkadij"]
[Result "0-1"]
[ECO "A21"]
[WhiteElo "2405"]
[BlackElo "2643"]
[Annotator "RC"]
[PlyCount "78"]
[EventDate "2024.09.05"]
[EventType "team-tourn"]
[EventCountry "HUN"]
[SourceTitle "playchess.com"]
[Source "ChessBase"]
[SourceQuality "1"]
[WhiteTeam "Scotland"]
[BlackTeam "Bulgaria"]
[WhiteTeamCountry "SCO"]
[BlackTeamCountry "BUL"]
[TimeControl "40/5400+30:1800+30"]

1. c4 e5 2. Nc3 d6 3. Nf3 f5 4. g3 Be7 5. d3 Nf6 6. Bg2 O-O 7. O-O a5 8. a3 Qe8 9. c5 Kh8 10. cxd6 cxd6 11. e4 Nc6 12. Re1 f4 13. gxf4 exf4 14. Bxf4 Bg4 15. h3 Bh5 16. Be3 Nd7 17. Nd5 Nde5 18. Bf4 Bg5 19. Bxe5 Nxe5 20. Nxg5 Bxd1 21. Raxd1 h6 22. d4 Nc4 23. b3 Nxa3 24. Nc7 Qg6 25. Nge6 Rf7 26. Nxa8 Qxe6 27. e5 d5 28. Rc1 Nb5 29. Red1 b6 30. Rc2 Ra7 31. Nxb6 Qxb6 32. Rc8+ Kh7 33. Bxd5 Nxd4 34. Kh1 g6 35. Re1 Qb5 36. Bg2 Qxb3 37. Rd8 Nf3 38. Rc1 Nh4 39. e6 Nxg2 0-1

[Event "45th FIDE Olympiad 2024"]
[Site "Budapest"]
[Date "2024.09.14"]
[Round "4.73"]
[White "KIGIGHA, Bomo Lovet"]
[Black "Koumba, Mounguen Jose Evrard"]
[Result "1-0"]
[ECO "A20"]
[WhiteElo "2217"]
[BlackElo "1957"]
[PlyCount "71"]
[EventDate "2024.09.05"]
[EventType "team-tourn"]
[EventCountry "HUN"]
[WhiteTeam "Nigeria"]
[BlackTeam "Gabon"]
[WhiteTeamCountry "NGR"]
[BlackTeamCountry "GAB"]
[TimeControl "40/5400+30:1800+30"]

1. c4 e5 2. g3 c6 3. Nf3 e4 4. Nd4 d5 5. cxd5 cxd5 6. Bg2 Nc6 7. Nxc6 bxc6 8. O-O Nf6 9. Nc3 Bc5 10. d3 exd3 11. Qxd3 a5 12. Bg5 O-O 13. Qc2 Be7 14. Rfd1 Ra7 15. Na4 Bd7 16. Rac1 h6 17. Bxf6 Bxf6 18. e4 Qb8 19. b3 Rc8 20. Nc5 d4 21. Nxd7 Rxd7 22. Bh3 Qa7 23. Qc5 Qc7 24. Bxd7 Qxd7 25. e5 Bg5 26. Rc4 Be7 27. Qxd4 Qe6 28. Qg4 f5 29. exf6 Qxg4 30. Rxg4 Bxf6 31. Rc4 c5 32. Rd5 Be7 33. Rd7 Kf7 34. Re4 Re8 35. Ra7 a4 36. Raxa4 1-0